 Seeded DCSS version 0.25.1-8-g42b30a86e7 (webtiles) character file.

Game seed: 6711476850547173454 (custom seed)

1704 radhat240 the Shield-Bearer (level 8, -6/74 HPs)
             Began as a Minotaur Fighter on Dec 19, 2020.
             Was a Believer of Makhleb.
             Mangled by Harold
             ... wielding a +0 hand axe
              (15 damage)
             ... on level 7 of the Dungeon.
             The game lasted 00:15:32 (5467 turns).

radhat240 the Shield-Bearer (Minotaur Fighter)      Turns: 5467, Time: 00:15:32

Health: -6/74      AC: 11    Str: 24    XL:     8   Next: 73%
Magic:  7/7        EV:  8    Int:  5    God:    Makhleb [**....]
Gold:   296        SH: 12    Dex: 21    Spells: 7/7 levels left

rFire    . . .     SeeInvis .   a - +1 war axe
rCold    . . .     Gourm    .   c - +0 kite shield
rNeg     . . .     Faith    .   b - +0 scale mail
rPois    .         Spirit   .   (helmet restricted)
rElec    .         Reflect  .   k - +2 cloak
rCorr    .         Harm     .   (no gloves)
MR       .....                  (no boots)
Stlth    ..........             t - amulet of the acrobat
HPRegen  0.22/turn              i - +6 ring of dexterity
MPRegen  0.10/turn              j - +6 ring of dexterity

@: marked
A: retaliatory headbutt, horns 2
a: Minor Destruction, Renounce Religion


You were on level 7 of the Dungeon.
You worshipped Makhleb.
Makhleb was pleased with you.
You were not hungry.

You visited 2 branches of the dungeon, and saw 8 of its levels.
You also visited: Sewer.

You collected 296 gold pieces.

Inventory:

Hand Weapons
 a - a +1 war axe (weapon)
Armour
 b - a +0 scale mail (worn)
 c - a +0 kite shield (worn)
 k - a +2 cloak (worn)
Jewellery
 i - a +6 ring of dexterity (left hand)
 j - a +6 ring of dexterity (right hand)
 t - an amulet of the acrobat (around neck)
 v - an uncursed ring of poison resistance
Wands
 r - a wand of random effects (12)
Scrolls
 e - 2 scrolls of magic mapping
 h - 4 scrolls of teleportation
 l - 3 scrolls of fog
 o - a scroll of immolation
 s - a scroll of enchant weapon
 u - a scroll of fear
Potions
 d - a potion of might
 g - a potion of degeneration {unknown}
 m - a potion of invisibility
 n - a potion of heal wounds
 p - a potion of stabbing
 q - 5 potions of curing
 w - a potion of cancellation
Comestibles
 f - 12 rations


   Skills:
 + Level 7.6 Fighting
 + Level 7.0 Axes
 + Level 7.6 Armour
 + Level 7.7 Shields


You had 7 spell levels left.
You didn't know any spells.
Your spell library contained the following spells:

 Spells                   Type           Power        Failure   Level  Hunger
 Animate Skeleton         Necr           N/A          96%         1    ##.....
 Pain                     Necr           #...         96%         1    ##.....
 Vampiric Draining        Necr           #.........   100%        3    ####...
 Animate Dead             Necr           N/A          100%        4    #####..
 Agony                    Necr           #.......     100%        5    ######.


Dungeon Overview and Level Annotations

Branches:
Dungeon (7/15)             Temple (1/1) D:4           Sewer (visited)

Altars:
Cheibriados
Dithmenos
Elyvilon
Fedhas
Gozag
Hepliaklqana
Kikubaaqudgha
Makhleb
Nemelex Xobeh
Okawaru
Qazlal
Ru
Sif Muna
Trog
Uskayaw
Vehumet
Wu Jian
Xom
Yredelemnul
Zin
The Shining One
Lugonu

Shops:
D:5 %

Annotations:
D:7 Harold


Innate Abilities, Weirdness & Mutations

You reflexively headbutt those who attack you in melee.
You have a pair of horns on your head.


Message History

Harold hits you with a +0 hand axe.
You hit Harold but do no damage.
Harold is lightly wounded.
An orc priest comes into view. It is wielding a +0 hand axe.
You block Harold's attack.
You barely miss Harold. Your headbutt misses Harold.
Harold is lightly wounded.
Harold hits you with a +0 hand axe!
* * * LOW HITPOINT WARNING * * *
An orc warrior comes into view. It is wielding a +0 long sword.
An orc comes into view. It is wielding a +0 club.
The orc priest calls down the wrath of Beogh upon you.
Beogh smites you!
* * * LOW HITPOINT WARNING * * *
A shadow imp comes into view.
You hit Harold.
Harold is lightly wounded.
Harold points at you and mumbles some strange words.
The mark upon you grows brighter. Harold hits you with a +0 hand axe!
You die...

#. #5. #######...
#######....#...#
##...<.........#
#............##
#.........>....##
#...<.....@.....#
##.$.....@......#
#...............#
##..............#
................#
##............o..
###....o......o#
##.........#..


You could see Harold, an orc warrior, an orc priest, a shadow imp and an orc.

Vanquished Creatures
  A hippogriff (D:7)
  Menkaure (D:6)
  Purgy (Sewer)
  An orc warrior (D:6)
  2 ice beasts (D:6)
  An ogre (D:6)
  2 bullfrogs (D:6)
  2 scorpions
  A howler monkey (D:4)
  2 crimson imps
  A jelly (D:6)
  Crazy Yiuf (D:2)
  A bullfrog skeleton (D:6)
  An orc priest (D:4)
  A hound (D:4)
  2 orc wizards
  A human skeleton (D:6)
  An iguana (D:5)
  Ijyb (D:5)
  3 worker ants
  A hound zombie (D:5)
  A hound skeleton (D:6)
  Robin (D:3)
  A gnoll (D:1)
  8 adders
  3 river rats (D:6)
  2 oozes
  2 worms (D:2)
  A dart slug (D:4)
  5 leopard geckos
  12 orcs
  3 ball pythons
  9 bats
  4 giant cockroaches
  19 goblins
  10 hobgoblins
  8 jackals
  3 quokkas
  5 frilled lizards
  A jackal skeleton (D:4)
  A jackal zombie (D:6)
  15 kobolds
  A quokka zombie (D:5)
  12 rats
155 creatures vanquished.

Notes
Turn   | Place    | Note
-------+----------+-------------------------------------------
     0 | D:1      | radhat240 the Minotaur Fighter began the quest for the Orb.
     0 | D:1      | Reached XP level 1. HP: 19/19 MP: 0/0
   149 | D:1      | Reached XP level 2. HP: 27/27 MP: 1/1
   385 | D:1      | Reached XP level 3. HP: 33/33 MP: 2/2
   788 | D:2      | Found a runed translucent door.
   789 | D:2      | Noticed Crazy Yiuf
   794 | D:2      | Killed Crazy Yiuf
   794 | D:2      | Reached XP level 4. HP: 41/41 MP: 3/3
  1672 | D:3      | Noticed Robin
  1679 | D:3      | Killed Robin
  1990 | D:3      | Found a glowing golden altar of the Shining One.
  2014 | D:3      | Reached XP level 5. HP: 45/47 MP: 4/4
  2560 | D:4      | Found a staircase to the Ecumenical Temple.
  2573 | Temple   | Entered the Ecumenical Temple
  2611 | Temple   | Became a worshipper of Makhleb the Destroyer
  2698 | D:4      | Reached skill level 5 in Shields
  2786 | D:4      | Reached skill level 5 in Fighting
  2786 | D:4      | Reached skill level 5 in Armour
  2943 | D:4      | Reached XP level 6. HP: 56/56 MP: 5/5
  3252 | D:4      | Found an opulent altar of Gozag.
  3254 | D:4      | Found a shimmering blue altar of Sif Muna.
  3267 | D:4      | Found a shadowy altar of Dithmenos.
  3268 | D:4      | Found a stormy altar of Qazlal.
  3269 | D:4      | Found an ancient bone altar of Kikubaaqudgha.
  3269 | D:4      | Found a snail-covered altar of Cheibriados.
  3269 | D:4      | Found a glowing silver altar of Zin.
  3269 | D:4      | Found a white marble altar of Elyvilon.
  3269 | D:4      | Found an ornate altar of the Wu Jian Council.
  3270 | D:4      | Found a blossoming altar of Fedhas.
  3271 | D:4      | Found an iron altar of Okawaru.
  3272 | D:4      | Found a shimmering altar of Xom.
  3273 | D:4      | Found a sparkling altar of Nemelex Xobeh.
  3274 | D:4      | Found a hazy altar of Hepliaklqana.
  3324 | D:4      | Found a bloodstained altar of Trog.
  3378 | D:4      | Reached * piety under Makhleb
  3461 | D:5      | Entered Level 5 of the Dungeon
  3828 | D:5      | Noticed Ijyb
  3888 | D:5      | Killed Ijyb
  3892 | D:5      | Reached XP level 7. HP: 56/62 MP: 6/6
  4055 | D:5      | Found Seakhut's Food Boutique.
  4183 | D:5      | Reached skill level 5 in Axes
  4317 | D:6      | Found a glowing drain.
  4343 | Sewer    | Entered a sewer
  4544 | Sewer    | Noticed Purgy
  4547 | Sewer    | Killed Purgy
  4630 | D:6      | Reached XP level 8. HP: 61/71 MP: 7/7
  4685 | D:6      | Found a runed translucent door.
  4691 | D:6      | Noticed Menkaure
  4692 | D:6      | Found a basalt altar of Yredelemnul.
  4707 | D:6      | Killed Menkaure
  4707 | D:6      | Reached ** piety under Makhleb
  5450 | D:7      | Noticed a hippogriff
  5452 | D:7      | Noticed Harold
  5461 | D:7      | Killed a hippogriff
  5467 | D:7      | Mangled by Harold

Illustrated notes

Levels and vault maps discovered:
D:1:      scummos_arrival_star, layout_loops_ring
D:2:      layout_loops_ring, uniq_crazy_yiuf_cottage
D:3:      layout_loops_corners, tso_metal_star, uniq_robin
D:4:      layout_loops_ring, minitemple, minmay_temple_entry_sparse_star,
          first_ration, trog_hazing_becter
D:5:      layout_loops_cross, serial_shops, nicolae_shop_waterfront,
          minmay_tree_intersection, nrook_pool_corridor, roderic_lattice_a,
          st_stairs_5, uniq_ijyb
D:6:      layout_cave_pools, portal_sewer_entry_e, dk_yredelemnul_ordeal,
          uniq_menkaure
D:7:      layout_cave_pods, kennysheep_mini_moat, basic_altar,
          serial_park_tiny_pond, grunt_ogre_cave, nrook_loot_triangle,
          minmay_fountain_box, chequers_guarded_unrand_ignorance, uniq_harold
Temple:   corrupted_temple

Skill      XL: |  1  2  3  4  5  6  7  8 |
---------------+-------------------------+-----
Shields        | 4 5 6 7 |  7.7
Fighting       | 4 5 6 7 |  7.6
Armour         | 4 5 6 7 |  7.6
Axes           | 3 4 5 7 |  7.0

Action                   |  1- 3 |  4- 6 |  7- 9 || total
-------------------------+-------+-------+-------++-------
Melee: War axe           |    56 |   166 |    98 ||   320
       Headbutt          |     9 |    49 |    30 ||    88
  Use: Scroll            |     2 |     6 |     7 ||    15
       Potion            |     2 |     3 |     1 ||     6
  Eat: Chunk             |       |     9 |     1 ||    10
       Ration            |       |       |     2 ||     2
Armor: Scale mail        |    27 |    68 |    40 ||   135
Dodge: Dodged            |    24 |    51 |    37 ||   112
Block: Kite shield       |    33 |    95 |    54 ||   182
